 Dungeon Crawl Stone Soup version 0.18-a0-1109-gfc003ac (webtiles) character file.

34 ThermosAquaticus the Slasher (level 3, -1/26 HPs)
             Began as a High Elf Abyssal Knight on Jan 16, 2016.
             Was a Believer of Lugonu.
             Killed from afar by Natasha (7 damage)
             ... with a magic dart
             ... on level 2 of the Dungeon.
             The game lasted 00:04:27 (1371 turns).

ThermosAquaticus the Slasher (HEAK)                 Turns: 1371, Time: 00:04:28

Health: -1/26      AC:  3    Str: 11    XL:     3   Next: 14%
Magic:  5/5        EV: 12    Int: 16    God:    Lugonu [**....]
Gold:   118        SH:  0    Dex: 15    Spells: 0 memorised, 2 levels left

rFire  . . .     SeeInvis .     a - +1 falchion
rCold  . . .     Gourm    .     b - +0 leather armour
rNeg   . . .     Faith    .     (no shield)
rPois  .         Spirit   .     (no helmet)
rElec  .         Dismiss  .     (no cloak)
rCorr  .         Reflect  .     (no gloves)
SustAt .         Harm     .     (no boots)
MR     .....                    (no amulet)
Stlth  +.........               (no ring)
                                (no ring)

@: not resistant to hostile enchantments, very unstealthy
A: no striking features
a: Depart the Abyss, Bend Space, Renounce Religion


You were on level 2 of the Dungeon.
You worshipped Lugonu.
Lugonu was pleased with you.
You were hungry.

You visited 1 branch of the dungeon, and saw 2 of its levels.
You visited the Abyss 1 time.

You collected 118 gold pieces.

Inventory:

Hand Weapons
 a - a +1 falchion (weapon)
Missiles
 d - 71 stones (quivered)
 f - 9 poisoned needles
Armour
 b - a +0 leather armour (worn)
 g - a +0 ring mail
 h - a +0 buckler
Scrolls
 e - 3 scrolls of noise {unknown}
 i - 4 scrolls of identify {unknown}
 j - a scroll of recharging {unknown}
 l - a scroll of remove curse {unknown}
 p - a scroll of fog {unknown}
Potions
 k - a potion of brilliance {unknown}
 m - a potion of curing {unknown}
 n - a potion of agility {unknown}
 o - a potion of flight {unknown}
Comestibles
 c - a bread ration
 q - 7 chunks of flesh
 r - a fruit


   Skills:
 - Level 3.0 Fighting
 + Level 4.4 Long Blades
 - Level 0.8 Armour
 - Level 2.1 Dodging
 - Level 2.0 Invocations


You had 2 spell levels left.
You didn't know any spells.

Dungeon Overview and Level Annotations

Branches:
Dungeon (2/15)

Altars:
Vehumet

Annotations:
D:2 Natasha


Message History

Natasha is heavily wounded.
Natasha closely misses you.
You barely miss Natasha.
Natasha is heavily wounded.
Natasha stares at you and mumbles some strange words.
The magic dart hits you!
You are feeling hungry.
You hit Natasha.
Natasha is almost dead.
Natasha barely misses you.
You hit Natasha but do no damage.
Natasha is almost dead.
Natasha claws you!
* * * LOW HITPOINT WARNING * * *
You closely miss Natasha.
Natasha is almost dead.
Natasha growls.
Natasha stares at you and mumbles some strange words.
The magic dart hits you!
You die...

##...##.# .##.#..# #.#
...#.##.# #. . #.#..# #.#
##...##.# #. ##. #.#..# #.#
## ###.# #. #.< #.#..# #<#
.# #.# #. #.# #.#..# #.#
ยง# #.# #. #.# #.#..# #.#
..# #.#######.##.# #$#..#
#.# ....
#.#$.......#.###.#..#####.#
.##.# #.#
#h@...%.^.........# .. #
#.# #.............#######
### .....###..######## ....
#..# ... ....# ## ######


You could see Natasha.

Vanquished Creatures
  An ooze (D:1)
  An orc (D:2)
  2 ball pythons
  A giant cockroach (D:2)
  2 goblins (D:2)
  A hobgoblin (D:1)
  2 jackals (D:1)
  A quokka (D:2)
  4 bats
  5 giant newts
  6 kobolds
  3 rats (D:1)
29 creatures vanquished.

Vanquished Creatures (others)
  Natasha (D:2)
1 creature vanquished.

Grand Total: 30 creatures vanquished

Notes
Turn   | Place    | Note
--------------------------------------------------------------
     0 | Abyss:1  | ThermosAquaticus the High Elf Abyssal Knight began the quest for the Orb.
     0 | Abyss:1  | Reached XP level 1. HP: 16/16 MP: 3/3
    10 | D:1      | Escaped the Abyss
   152 | D:1      | Reached XP level 2. HP: 21/21 MP: 4/4
   969 | D:2      | Found a radiant altar of Vehumet.
   969 | D:2      | Noticed Natasha
   973 | D:2      | Killed Natasha
   978 | D:2      | Reached ** piety under Lugonu
   978 | D:2      | Reached skill level 4 in Long Blades
  1159 | D:2      | Reached XP level 3. HP: 17/26 MP: 5/5
  1360 | D:2      | Noticed Natasha
  1371 | D:2      | Killed from afar by Natasha

Vault maps used:
D:1:      dpeg_arrival_round_a, minmay_liquid_box
D:2:      fiery_altar_vehumet, uniq_natasha

Action                   || total
-------------------------++-------
Melee: Falchion          ||    82
  Eat: Chunk             ||     1
